TOP OF THE 1ST |
Charlotte Stone Crabs batting - Pitching for Dunedin Blue Jays : RHP Danny Cervantes
|
Pitching: RHP Danny Cervantes
|
|
Batting: LHB Jeremy Burton
|
0-0: Reached on error, E4 (Groundball, 4, EV 83.1 MPH)
|
Batting: LHB Darryl Gonnella
|
0-0: Fly out, F9 (Flyball, 9, EV 88.8 MPH)
|
Batting: RHB David Ward
|
0-0: Called Strike 0-1: Ball 1-1: Ball Jeremy Burton is caught stealing 2nd base 2-4 2-1: Fly out, F8 (Flyball, 8LS, EV 81.9 MPH)
|
Top of the 1st over - 0 runs, 0 hits, 1 error, 0 left on base; Charlotte 0 - Dunedin 0 |
BOTTOM OF THE 1ST |
Dunedin Blue Jays batting - Pitching for Charlotte Stone Crabs : RHP Julian Black
|
Pitching: RHP Julian Black
|
|
Batting: SHB Ryan Chicoine
|
0-0: Foul Ball, location: 2F 0-1: Ball 1-1: Fly out, F9 (Flyball, 9, EV 89.4 MPH)
|
Batting: LHB Devin Huber
|
0-0: SINGLE (Groundball, 56D, EV 108.1 MPH)
|
Batting: RHB Brock Van Gilder
|
0-0: Ball 1-0: Fielders Choice at 2nd, 4-6 (Groundball, 34, EV 88.1 MPH)
|
Batting: LHB Chaim Huting
|
0-0: Called Strike Brock Van Gilder steals 2nd base (no throw) 0-1: Ball 1-1: Swinging Strike 1-2: Ground out U3 (Groundball, 34, EV 99.4 MPH)
|
Bottom of the 1st over - 0 runs, 1 hit, 0 errors, 1 left on base; Charlotte 0 - Dunedin 0 |
TOP OF THE 2ND |
Charlotte Stone Crabs batting - Pitching for Dunedin Blue Jays : RHP Danny Cervantes
|
Batting: RHB Sesto Carpini
|
0-0: Foul Ball, location: 2F 0-1: Called Strike 0-2: Ball 1-2: Ball 2-2: Strikes out looking
|
Batting: RHB Freddy Mullen
|
0-0: Ball 1-0: Called Strike 1-1: Called Strike 1-2: Ball 2-2: Strikes out swinging
|
Batting: RHB Azedine Kirui
|
0-0: Ball 1-0: Called Strike 1-1: Ground out 5-3 (Groundball, 5L, EV 85.0 MPH)
|
Top of the 2nd over - 0 runs, 0 hits, 0 errors, 0 left on base; Charlotte 0 - Dunedin 0 |
BOTTOM OF THE 2ND |
Dunedin Blue Jays batting - Pitching for Charlotte Stone Crabs : RHP Julian Black
|
Batting: LHB Rodrigo Briceno
|
0-0: Ball 1-0: Ball 2-0: Ball 3-0: Base on Balls
|
Batting: RHB Wade Diamond
|
0-0: Ground out 3-1 (Groundball, 34S, EV 69.4 MPH) Rodrigo Briceno to second
|
Batting: RHB Norm Mercer
|
0-0: Called Strike 0-1: Ground out 6-3 (Groundball, 6, EV 96.9 MPH)
|
Batting: RHB Luis Reyes
|
0-0: Ball 1-0: Called Strike 1-1: Swinging Strike 1-2: Ball 2-2: Ball 3-2: Base on Balls
|
Batting: RHB Frank Caulfield
|
0-0: Ball 1-0: Foul Ball, location: 2F 1-1: Foul Ball, location: 2F 1-2: Strikes out swinging
|
Bottom of the 2nd over - 0 runs, 0 hits, 0 errors, 2 left on base; Charlotte 0 - Dunedin 0 |
TOP OF THE 3RD |
Charlotte Stone Crabs batting - Pitching for Dunedin Blue Jays : RHP Danny Cervantes
|
Batting: LHB Harris Vink
|
0-0: Ball 1-0: Called Strike 1-1: Foul Ball, location: 2F 1-2: Strikes out looking
|
Batting: RHB Jose Arriola
|
0-0: Ball 1-0: Called Strike 1-1: Ball 2-1: Ball 3-1: Called Strike 3-2: Strikes out swinging
|
Batting: SHB Josif Popovski
|
0-0: Ball 1-0: Foul Ball, location: 2F 1-1: Ball 2-1: SINGLE (Line Drive, 78M, EV 84.4 MPH)
|
Batting: LHB Jeremy Burton
|
0-0: Called Strike Josif Popovski steals 2nd base 0-1: Ball 1-1: Foul Ball, location: 2F 1-2: Strikes out swinging
|
Top of the 3rd over - 0 runs, 1 hit, 0 errors, 1 left on base; Charlotte 0 - Dunedin 0 |
BOTTOM OF THE 3RD |
Dunedin Blue Jays batting - Pitching for Charlotte Stone Crabs : RHP Julian Black
|
Batting: SHB Ryan Chicoine
|
0-0: Foul Ball, location: 2F 0-1: Swinging Strike 0-2: Ball 1-2: Strikes out looking
|
Batting: LHB Devin Huber
|
0-0: Ball 1-0: Ball 2-0: SINGLE (Groundball, 4MD, EV 111.2 MPH)
|
Batting: RHB Brock Van Gilder
|
0-0: Ball Devin Huber is caught stealing 2nd base 2-4 1-0: Ball 2-0: Called Strike 2-1: Ground out 3-1 (Groundball, 3D, EV 89.4 MPH)
|
Bottom of the 3rd over - 0 runs, 1 hit, 0 errors, 0 left on base; Charlotte 0 - Dunedin 0 |
TOP OF THE 4TH |
Charlotte Stone Crabs batting - Pitching for Dunedin Blue Jays : RHP Danny Cervantes
|
Batting: LHB Darryl Gonnella
|
0-0: Fly out, F8 (Line Drive, 8LD, EV 93.1 MPH)
|
Batting: RHB David Ward
|
0-0: Ball 1-0: Fly out, F9 (Flyball, 89M, EV 88.8 MPH)
|
Batting: RHB Sesto Carpini
|
0-0: Ball 1-0: Ball 2-0: Called Strike 2-1: Ball 3-1: Called Strike 3-2: Strikes out swinging
|
Top of the 4th over - 0 runs, 0 hits, 0 errors, 0 left on base; Charlotte 0 - Dunedin 0 |
BOTTOM OF THE 4TH |
Dunedin Blue Jays batting - Pitching for Charlotte Stone Crabs : RHP Julian Black
|
Batting: LHB Chaim Huting
|
0-0: Ball 1-0: Swinging Strike 1-1: Ball 2-1: SINGLE (Groundball, 13S, EV 72.5 MPH) (infield hit)
|
Batting: LHB Rodrigo Briceno
|
0-0: Ball 1-0: Foul Ball, location: 2F 1-1: Called Strike 1-2: DOUBLE (Line Drive, 7LM, EV 99.4 MPH) Chaim Huting to third
|
Batting: RHB Wade Diamond
|
0-0: Ball 1-0: Foul Ball, location: 2F 1-1: Fly out, F7 (Flyball, 7S, EV 87.5 MPH)
|
Batting: RHB Norm Mercer
|
0-0: Foul Ball, location: 2F 0-1: Ball 1-1: Ball 2-1: Ball 3-1: Foul Ball, location: 2F 3-2: Foul Ball, location: 2F 3-2: Base on Balls
|
Batting: RHB Luis Reyes
|
0-0: Called Strike 0-1: Grounds into double play, 6-4-3 (Groundball, 6, EV 87.5 MPH)
|
Bottom of the 4th over - 0 runs, 2 hits, 0 errors, 2 left on base; Charlotte 0 - Dunedin 0 |
TOP OF THE 5TH |
Charlotte Stone Crabs batting - Pitching for Dunedin Blue Jays : RHP Danny Cervantes
|
Batting: RHB Freddy Mullen
|
0-0: Called Strike 0-1: Ball 1-1: Ball 2-1: Foul Ball, location: 2F 2-2: Strikes out swinging
|
Batting: RHB Azedine Kirui
|
0-0: Fly out, F9 (Flyball, 9, EV 78.1 MPH)
|
Batting: LHB Harris Vink
|
0-0: Ball 1-0: SINGLE (Line Drive, 6D, EV 100.0 MPH)
|
Batting: RHB Jose Arriola
|
0-0: Called Strike 0-1: Ball 1-1: Called Strike 1-2: Strikes out looking
|
Top of the 5th over - 0 runs, 1 hit, 0 errors, 1 left on base; Charlotte 0 - Dunedin 0 |
BOTTOM OF THE 5TH |
Dunedin Blue Jays batting - Pitching for Charlotte Stone Crabs : RHP Julian Black
|
Batting: RHB Frank Caulfield
|
0-0: Ball 1-0: Ball 2-0: Foul Ball, location: 2F 2-1: Ball 3-1: Called Strike 3-2: Strikes out swinging
|
Batting: SHB Ryan Chicoine
|
0-0: Ball 1-0: Called Strike 1-1: SINGLE (Flyball, 78S, EV 82.5 MPH)
|
Batting: LHB Devin Huber
|
0-0: Called Strike Ryan Chicoine is caught stealing 2nd base 2-6 0-1: Called Strike 0-2: Ground out U3 (Groundball, 3, EV 83.8 MPH)
|
Bottom of the 5th over - 0 runs, 1 hit, 0 errors, 0 left on base; Charlotte 0 - Dunedin 0 |
TOP OF THE 6TH |
Charlotte Stone Crabs batting - Pitching for Dunedin Blue Jays : RHP Danny Cervantes
|
Batting: SHB Josif Popovski
|
0-0: Foul Ball, location: 2F 0-1: Swinging Strike 0-2: Strikes out swinging
|
Batting: LHB Jeremy Burton
|
0-0: Called Strike 0-1: Hit by Pitch
|
Batting: LHB Darryl Gonnella
|
0-0: Ball 1-0: Called Strike 1-1: Foul Ball, location: 2F 1-2: Ball 2-2: Ball 3-2: Foul Ball, location: 2F 3-2: Base on Balls Jeremy Burton to second
|
Batting: RHB David Ward
|
0-0: Ball 1-0: Fly out, F7 (Flyball, 7, EV 79.4 MPH)
|
Batting: RHB Sesto Carpini
|
0-0: Called Strike 0-1: Ball 1-1: Ball 2-1: 3-RUN HOME RUN (Line Drive, 7D, EV 108.8 MPH), Distance : 410 ft
|
Batting: RHB Freddy Mullen
|
0-0: Ball 1-0: Swinging Strike 1-1: Fly out, F8 (Flyball, 89D, EV 95.6 MPH)
|
Top of the 6th over - 3 runs, 1 hit, 0 errors, 0 left on base; Charlotte 3 - Dunedin 0 |
BOTTOM OF THE 6TH |
Dunedin Blue Jays batting - Pitching for Charlotte Stone Crabs : RHP Julian Black
|
Batting: RHB Brock Van Gilder
|
0-0: Foul Ball, location: 2F 0-1: Ball 1-1: Swinging Strike 1-2: Fly out, F6 (Popup, 6M, EV 68.8 MPH)
|
Batting: LHB Chaim Huting
|
0-0: Called Strike 0-1: Ball 1-1: Foul Ball, location: 2F 1-2: SOLO HOME RUN (Flyball, 78XD, EV 103.8 MPH), Distance : 394 ft
|
Batting: LHB Rodrigo Briceno
|
0-0: Ball 1-0: Ball 2-0: Called Strike 2-1: Foul Ball, location: 2F 2-2: DOUBLE (Line Drive, 3D, EV 99.4 MPH)
|
Batting: RHB Wade Diamond
|
0-0: Ball 1-0: Foul Ball, location: 2F 1-1: Foul Ball, location: 2F 1-2: Foul Ball, location: 2F 1-2: Ball 2-2: Foul Ball, location: 2F 2-2: Fly out, F2 (Popup, 2RF, EV 79.4 MPH)
|
Batting: RHB Norm Mercer
|
0-0: Called Strike 0-1: Foul Ball, location: 2F 0-2: SINGLE (Line Drive, 8RS, EV 101.9 MPH) Rodrigo Briceno to third
|
Batting: RHB Luis Reyes
|
0-0: Fielders Choice at 2nd, 6-4 (Groundball, 6, EV 103.8 MPH)
|
Bottom of the 6th over - 1 run, 3 hits, 0 errors, 2 left on base; Charlotte 3 - Dunedin 1 |
TOP OF THE 7TH |
Charlotte Stone Crabs batting - Pitching for Dunedin Blue Jays : RHP Danny Cervantes
|
Batting: RHB Azedine Kirui
|
0-0: Called Strike 0-1: Ball 1-1: Ball 2-1: Foul Ball, location: 2F 2-2: Ground out 4-3 (Groundball, 4M, EV 91.9 MPH)
|
Batting: LHB Harris Vink
|
0-0: Foul Ball, location: 2F 0-1: Called Strike 0-2: Strikes out swinging
|
Batting: RHB Jose Arriola
|
0-0: Swinging Strike 0-1: Called Strike 0-2: Ground out 6-3 (Groundball, 6, EV 80.6 MPH)
|
Top of the 7th over - 0 runs, 0 hits, 0 errors, 0 left on base; Charlotte 3 - Dunedin 1 |
BOTTOM OF THE 7TH |
Dunedin Blue Jays batting - Pitching for Charlotte Stone Crabs : RHP Julian Black
|
Batting: RHB Frank Caulfield
|
0-0: Ball 1-0: Ball 2-0: Ball 3-0: SINGLE (Groundball, 6M, EV 83.8 MPH) (infield hit)
|
Batting: SHB Ryan Chicoine
|
0-0: Called Strike Frank Caulfield steals 2nd base 0-1: Called Strike 0-2: Ball 1-2: Ball 2-2: Reached on error, E3 (Groundball, 34, EV 81.9 MPH) Frank Caulfield to third
|
Pitching: LHP Tim Pulliam
|
|
Pinch Hitting: RHB Cesar Ortega
|
0-0: Foul Ball, location: 2F 0-1: Ball 1-1: Ball 2-1: Swinging Strike 2-2: Ball Wild Pitch! Frank Caulfield scores Ryan Chicoine to second 3-2: SINGLE (Groundball, 23, EV 74.4 MPH) (infield hit) Ryan Chicoine to third
|
Batting: RHB Brock Van Gilder
|
0-0: Ball 1-0: Ball 2-0: Ball 3-0: Called Strike 3-1: Foul Ball, location: 2F 3-2: Foul Ball, location: 2F 3-2: Base on Balls Cesar Ortega to second
|
Pinch Hitting: RHB Butch Koglin
|
0-0: Ball 1-0: Called Strike 1-1: Ball 2-1: Ball 3-1: SINGLE (Groundball, 34D, EV 100.0 MPH) Ryan Chicoine scores Cesar Ortega to third Brock Van Gilder to second Runner from 3rd tries for Home, SAFE, throw by RF to home
|
Batting: LHB Rodrigo Briceno
|
0-0: Called Strike 0-1: Called Strike 0-2: Ball 1-2: 3-RUN HOME RUN (Flyball, 89XD, EV 95.6 MPH), Distance : 374 ft
|
Pitching: RHP Kingo Tsutsumi
|
|
Batting: RHB Wade Diamond
|
0-0: Ground out 4-3 (Groundball, 4, EV 88.1 MPH)
|
Batting: RHB Norm Mercer
|
0-0: Ground out 6-3 (Groundball, 6, EV 84.4 MPH)
|
Batting: RHB Luis Reyes
|
0-0: Ball 1-0: Called Strike 1-1: Called Strike 1-2: Strikes out swinging
|
Bottom of the 7th over - 6 runs, 4 hits, 1 error, 0 left on base; Charlotte 3 - Dunedin 7 |
BOTTOM OF THE 8TH |
Dunedin Blue Jays batting - Pitching for Charlotte Stone Crabs : RHP Kingo Tsutsumi
|
Batting: RHB Frank Caulfield
|
0-0: Ball 1-0: Called Strike 1-1: Called Strike 1-2: Ball 2-2: Fly out, F9 (Flyball, 9LM, EV 103.8 MPH)
|
Batting: SHB Ryan Chicoine
|
0-0: Ball 1-0: Foul Ball, location: 2F 1-1: Ball 2-1: Ball 3-1: Base on Balls
|
Batting: RHB Taylor Phillips
|
0-0: Called Strike Ryan Chicoine is caught stealing 2nd base 2-4 0-1: Ball 1-1: Ground out 4-3 (Groundball, 4M, EV 101.9 MPH)
|
Bottom of the 8th over - 0 runs, 0 hits, 0 errors, 0 left on base; Charlotte 3 - Dunedin 7 |
TOP OF THE 9TH |
Charlotte Stone Crabs batting - Pitching for Dunedin Blue Jays : RHP Andres Lozano
|
Batting: RHB Sesto Carpini
|
0-0: Foul Ball, location: 2F 0-1: Ball 1-1: Fly out, F7 (Line Drive, 7D, EV 94.4 MPH)
|
Batting: RHB Freddy Mullen
|
0-0: Called Strike 0-1: Called Strike 0-2: Ball 1-2: Ball 2-2: Foul Ball, location: 2F 2-2: Fly out, F9 (Flyball, 89S, EV 95.6 MPH)
|
Batting: RHB Azedine Kirui
|
0-0: Swinging Strike 0-1: Fly out, F4 (Line Drive, 4M, EV 64.4 MPH)
|
Top of the 9th over - 0 runs, 0 hits, 0 errors, 0 left on base; Charlotte 3 - Dunedin 7 |
|